 Dungeon Sprint DCSS version 0.17-a0-1210-g1e4f09d (webtiles) character file.

2642 Kidiri the Basher (level 9, -7/102 HPs)
             Began as a Troll Berserker on June 4, 2015.
             Was a High Priest of Trog.
             Mangled by a spiny frog (10 damage)
             ... in the Dungeon (Sprint IX: "|||||||||||||||||||||||||||||").
             The game lasted 00:04:03 (846 turns).

Kidiri the Basher (Troll Berserker)                  Turns: 846, Time: 00:04:03

Health: -7/102     AC:  5    Str: 30    XL:     9   Next: 35%
Magic:  8/8        EV: 17    Int:  3    God:    Trog [*****.]
Gold:   10         SH:  0    Dex: 12    Spells: 0 memorised, 8 levels left

rFire  . . .     SeeInvis .     p - +0 giant club
rCold  . . .     Clarity  .     b - +0 animal skin
rNeg   . . .     SustAt   .     (no shield)
rPois  .         Gourm    +     (helmet restricted)
rElec  .         Spirit   .     (no cloak)
rCorr  .         Warding  .     (gloves unavailable)
rMut   .         NoTele   +     (boots unavailable)
MR     .....                    (no amulet)
Stlth  +.........               n - +2 ring of evasion
                                m - +3 ring of dexterity

@: lethally poisoned (-7 -> -8), not resistant to hostile enchantments, very
unstealthy
A: unfitting armour, claws 3, fast metabolism 3, gourmand, regeneration 2,
shaggy fur 1, tough skin 2
a: Burn Spellbooks, Berserk, Trog's Hand, Brothers in Arms, Renounce Religion


You were in the Dungeon.
You worshipped Trog.
Trog was extremely pleased with you.
You were very full.

You visited 1 branch You collected 10 gold pieces.

Inventory:

Hand weapons
 a - a +0 mace
 p - a +0 giant club (weapon)
 r - a +1 antimagic battleaxe
Missiles
 q - 3 large rocks (quivered)
Armour
 b - a +0 animal skin (worn)
Jewellery
 m - a +3 ring of dexterity (left claw)
 n - a +2 ring of evasion (right claw)
Magical devices
 l - a wand of draining (7)
Scrolls
 i - 3 scrolls of blinking
 k - 3 scrolls of remove curse
 s - 2 scrolls of enchant weapon
 t - a scroll of fear
 u - a scroll of identify
 v - a scroll of recharging
Potions
 d - 7 potions of curing
 e - a potion of invisibility
 f - a potion of haste
 g - 4 potions of magic
 h - a potion of berserk rage
 j - 4 potions of heal wounds
 o - 3 potions of might
Comestibles
 c - 3 bread rations


   Skills:
 * Level 10.9 Fighting
 * Level 11.7 Maces & Flails
 * Level 10.9 Dodging


You had 8 spell levels left.
You didn't know any spells.

Dungeon Overview and Level Annotations

Branches:
Dungeon (1/1)

Altars:
Cheibriados
Dithmenos
Elyvilon
Fedhas
Gozag
Kikubaaqudgha
Makhleb
Nemelex Xobeh
Okawaru
Qazlal
Ru
Sif Muna
Trog
Vehumet
Xom
Yredelemnul
Zin
The Shining One
Beogh
Jiyva
Lugonu


Innate Abilities, Weirdness & Mutations

You are too large for most types of armour.
You have claws for hands.
Your metabolism is lightning-fast.
You like to eat raw meat.
You heal very quickly.
You are covered in fur (AC +1).
You have very tough skin (AC +2).


Message History

The spiny frog stings you but does no damage.
You sock the spiny frog!
The spiny frog is severely wounded.
You feel sick. The spiny frog barely misses you.
The spiny frog barely misses you.
You crush the spiny frog like a grape!!!
You kill the spiny frog!
Trog accepts your kill.
You feel sick. The spiny frog stings you!!
* * * LOW HITPOINT WARNING * * *
You closely miss the spiny frog.
You feel sick. The spiny frog misses you.
You thump the spiny frog!
The spiny frog is heavily wounded.
You feel sick. The spiny frog misses you.
You closely miss the spiny frog.
The spiny frog is heavily wounded.
You feel sick. The spiny frog stings you!!
* * * LOW HITPOINT WARNING * * *
The spiny frog stings you!
You die...

▓.▓.▓)▓
▓(▓.▓.▓
▓.▓.▓.▓
▓.▓.▓.▓
▓.▓.▓.▓
▓.▓.▓'▓
▓.▓.▓_▓
▓.▓.▓_▓
▓@▓.▓_▓
▓F▓.▓_▓
▓F▓.▓_▓
▓t▓.▓_▓
▓.▓.▓_▓
▓.▓.▓_▓
▓.▓.▓_▓
▓.▓.▓_▓
▓.▓_▓


You could see a spiny frog, a crocodile and a giant frog.

Vanquished Creatures
  An unseen horror (D)
  A cyclops (D)
  A hill giant (D)
  2 spiny frogs (D)
  A trapdoor spider (D)
  A porcupine (D)
  A phantom (D)
  A centaur (D)
  2 giant frogs (D)
  A scorpion (D)
  A crimson imp (D)
  2 orc wizards (D)
  An iguana (D)
  2 bats (D)
  2 hobgoblins (D)
  A giant gecko skeleton (D)
  A giant newt (D)
  2 goblins (D)
  2 rats (D)
26 creatures vanquished.

Notes
Turn   | Place    | Note
--------------------------------------------------------------
     0 | D        | Kidiri the Troll Berserker began the quest for the Orb.
     0 | D        | Reached XP level 1. HP: 22/22 MP: 0/0
     6 | D        | Reached skill level 3 in Maces & Flails
    13 | D        | Acquired Trog's second power
   125 | D        | Noticed a phantom
   125 | D        | Noticed a crimson imp
   144 | D        | Killed a crimson imp
   144 | D        | Reached skill level 4 in Fighting
   144 | D        | Reached XP level 2. HP: 24/32 MP: 1/1
   144 | D        | Reached XP level 3. HP: 29/39 MP: 2/2
   149 | D        | Killed a phantom
   149 | D        | Reached skill level 5 in Fighting
   149 | D        | Reached skill level 5 in Maces & Flails
   149 | D        | Reached skill level 5 in Dodging
   149 | D        | Reached XP level 4. HP: 38/50 MP: 3/3
   231 | D        | Found a glowing silver altar of Zin.
   231 | D        | Found a glowing golden altar of the Shining One.
   231 | D        | Found an ancient bone altar of Kikubaaqudgha.
   231 | D        | Found a basalt altar of Yredelemnul.
   231 | D        | Found a shimmering altar of Xom.
   231 | D        | Found a radiant altar of Vehumet.
   232 | D        | Found an iron altar of Okawaru.
   233 | D        | Found a burning altar of Makhleb.
   234 | D        | Found a deep blue altar of Sif Muna.
   235 | D        | Found a bloodstained altar of Trog.
   236 | D        | Found a sparkling altar of Nemelex Xobeh.
   237 | D        | Found a white marble altar of Elyvilon.
   238 | D        | Found a roughly hewn altar of Beogh.
   239 | D        | Found a viscous altar of Jiyva.
   240 | D        | Found a corrupted altar of Lugonu.
   241 | D        | Found a blossoming altar of Fedhas.
   242 | D        | Found a snail-covered altar of Cheibriados.
   243 | D        | Found a shadowy altar of Dithmenos.
   244 | D        | Found a stormy altar of Qazlal.
   245 | D        | Found an opulent altar of Gozag.
   246 | D        | Found a sacrificial altar of Ru.
   282 | D        | Noticed a hill giant
   282 | D        | Noticed a giant frog
   282 | D        | Noticed an orc wizard
   289 | D        | Killed a hill giant
   289 | D        | Acquired Trog's third power
   289 | D        | Reached skill level 7 in Fighting
   289 | D        | Reached skill level 8 in Maces & Flails
   289 | D        | Reached XP level 5. HP: 33/63 MP: 4/4
   289 | D        | Reached XP level 6. HP: 37/72 MP: 5/5
   289 | D        | Reached XP level 7. HP: 40/79 MP: 6/6
   293 | D        | Killed a giant frog
   298 | D        | HP: 6/120 [something (7)]
   299 | D        | Killed an unseen horror
   299 | D        | Reached skill level 9 in Fighting
   299 | D        | Reached skill level 10 in Maces & Flails
   299 | D        | Reached XP level 8. HP: 3/92 MP: 7/7
   300 | D        | Killed an orc wizard
   510 | D        | Noticed a giant frog
   510 | D        | Noticed an orc wizard
   510 | D        | Noticed a cyclops
   510 | D        | Noticed a centaur
   510 | D        | Noticed a scorpion
   510 | D        | Noticed a trapdoor spider
   511 | D        | Killed a giant frog
   512 | D        | Killed an orc wizard
   517 | D        | Killed a cyclops
   519 | D        | Killed a centaur
   519 | D        | Reached skill level 10 in Fighting
   519 | D        | Reached skill level 10 in Dodging
   521 | D        | Killed a scorpion
   575 | D        | Killed a trapdoor spider
   575 | D        | Received a gift from Trog
   575 | D        | Reached skill level 11 in Maces & Flails
   827 | D        | Noticed an iguana
   827 | D        | Noticed a porcupine
   827 | D        | Noticed a spiny frog
   827 | D        | Noticed a spiny frog
   827 | D        | Noticed a giant frog
   827 | D        | Noticed a spiny frog
   831 | D        | Noticed a crocodile
   831 | D        | Killed an iguana
   831 | D        | Reached XP level 9. HP: 101/101 MP: 8/8
   835 | D        | Killed a porcupine
   839 | D        | Killed a spiny frog
   843 | D        | Killed a spiny frog
   846 | D        | HP: 3/102 [spiny frog (21)]
   846 | D        | Mangled by a spiny frog

Vault maps used:
D:        linesprint

Action                   |  1- 3 |  4- 6 |  7- 9 || total
-------------------------+-------+-------+-------++-------
Melee: Mace              |    31 |     6 |    11 ||    48
       Giant club        |       |       |    35 ||    35
Throw: Large rock        |       |       |     1 ||     1
Invok: Berserk           |     1 |     1 |       ||     2
  Use: Potion            |     1 |       |       ||     1
  Eat: Chunk             |       |     6 |     8 ||    14
